 Dungeon Crawl Stone Soup version 0.30-a0-634-g8abc85282e (webtiles) character file.

Game seed: 16060937970598648364

2014 wormed the Changer (level 9, -5/70 HPs)
             Began as an Octopode Transmuter on Jan 14, 2023.
             Was an Initiate of Gozag.
             Slain by an orc warrior
             ... wielding a +0 dire flail
              (8 damage)
             ... on level 7 of the Dungeon.
             The game lasted 00:09:55 (7856 turns).

wormed the Changer (Octopode Transmuter)            Turns: 7856, Time: 00:09:55

Health: -5/70      AC:  7    Str:  9    XL:     9   Next: 22%
Magic:  12/15      EV: 11    Int: 19    God:    Gozag
Gold:   477        SH:  0    Dex: 13    Spells: 9/16 levels left

rFire   x . .      SeeInvis .      - Unarmed
rCold   + + +      Faith    .    (shield currently unavailable)
rNeg    . . .      Spirit   .    (helmet currently unavailable)
rPois   +          Reflect  .    (no amulet)
rElec   .          Harm     .    b - ring of protection from cold
rCorr   .          Rampage  .    (no ring)
Will    .....                    (no ring)
Stlth   +                        (no ring)
HPRegen 0.31/turn                (no ring)
MPRegen 0.14/turn                (no ring)
                                 (no ring)
                                 (no ring)

@: mighty, ice-form, wereblooded, flying
A: freezing attack, boosted hp, almost no armour, amphibious, 8 rings, large,
(camouflage 1), (gelatinous body 1), (nimble swimmer 1), (tentacles)
a: End Transformation, Renounce Religion, Potion Petition, Call Merchant, Bribe
Branch


You were on level 7 of the Dungeon.
You worshipped Gozag.
Gozag was aware of your devotion.
You were a creature of crystalline ice.
You visited 1 branch of the dungeon, and saw 7 of its levels.

You collected 1611 gold pieces.
You paid 1134 gold pieces to Gozag.

Inventory:

Missiles
 f - a throwing net
Jewellery
 b - a ring of protection from cold (left front paw)
Scrolls
 h - 2 scrolls of identify
 l - 3 scrolls of magic mapping
Potions
 a - 3 potions of might
 c - 5 potions of curing
 d - a potion of attraction
 e - a potion of flight
 g - a potion of mutation {unknown}
 i - a potion of cancellation {unknown}
 j - a potion of invisibility {unknown}
 m - a potion of ambrosia {unknown}


   Skills:
 + Level 4.4 Fighting
 + Level 4.7 Dodging
 + Level 5.3 Unarmed Combat
 + Level 4.4 Spellcasting
 * Level 6.7 Transmutations
 - Level 4.0 Ice Magic


You had 9 spell levels left.
You knew the following spells:

 Your Spells              Type           Power      Damage    Failure   Level
a - Wereblood             Tmut           29%        N/A       1%          2
b - Ice Form              Ice/Tmut       24%        N/A       14%         4
z - Beastly Appendage     Tmut           58%        N/A       1%          1

Your spell library contained the following spells:

 Spells                   Type           Power      Damage    Failure   Level
 Spider Form              Tmut/Pois      17%        N/A       10%         3
 Blink                    Tloc           8%         N/A       21%         2
 Momentum Strike          Conj/Tloc      8%         3d8       21%         2
 Blade Hands              Tmut           14%        N/A       22%         5
 Dazzling Flash           Conj/Hex       8%         N/A       36%         3
 Lesser Beckoning         Tloc           8%         N/A       36%         3
 Stone Arrow              Conj/Erth      8%         3d7       36%         3
 Agony                    Necr           4%         N/A       98%         5
 Silence                  Hex/Air        2%         N/A       98%         5
 Iron Shot                Conj/Erth      2%         9d2       100%        6
 Lehudib's Crystal Spear  Conj/Erth      2%         10d2      100%        8
 Animate Armour           Summ/Erth      Unusable   N/A       N/A         4

Dungeon Overview and Level Annotations

Branches:
Dungeon (7/15)             Temple (0/1) D:4

Altars:
Gozag

Shops:
D:6 [?


Innate Abilities, Weirdness & Mutations

You are a creature of crystalline ice.
You have a powerful freezing melee attack.
Your maximum health is increased.
Your armour is entirely melded.
You are incapable of wielding weapons or throwing items.
You cannot wear most types of armour.
You are amphibious.
You can wear up to eight rings at the same time.
((Your skin changes colour to match your surroundings (Stealth+).))
((Your rubbery body absorbs attacks. (AC +1, EV +1)))
((You are camouflaged when in or above water. (Stealth+)))
((You have tentacles for arms and can constrict up to eight enemies at once.))


Message History

The orc wizard casts a spell.
The orc wizard flickers and vanishes!
You hit the orc warrior. You freeze the orc warrior.
The orc warrior is moderately wounded.
The orc warrior completely misses you.
You hit the orc warrior but do no damage.
The orc warrior is moderately wounded.
The orc warrior barely misses you.
You hit the orc warrior but do no damage.
The orc warrior is moderately wounded.
The orc warrior hits you with a +0 dire flail.
You hit the orc warrior but do no damage.
The orc warrior is moderately wounded.
The orc warrior hits you with a +0 dire flail!
You are too injured to fight recklessly!
You are too injured to fight recklessly!
You barely miss the orc warrior.
The orc warrior is moderately wounded.
The orc warrior completely misses you.
You barely miss the orc warrior.
The orc warrior is moderately wounded.
The orc warrior hits you with a +0 dire flail!
* * * LOW HITPOINT WARNING * * *
You feel better.
The orc warrior hits you with a +0 dire flail!
* * * LOW HITPOINT WARNING * * *
You feel very mighty all of a sudden. The orc warrior barely misses you.
You barely miss the orc warrior.
The orc warrior is moderately wounded.
You hit the orc warrior. You freeze the orc warrior.
The orc warrior is heavily wounded.
The orc warrior hits you with a +0 dire flail!
* * * LOW HITPOINT WARNING * * *
It was a potion of flight.
You feel very buoyant.
You fly up into the air.
The orc warrior hits you with a +0 dire flail!
You die...
Your body crumbles into a pile of gold.

.....# #.# ..#
.....# #.# .###
####.#####.# #z
####.......######
#
............##..
#######.###.##.#
#.# #.##.# #.#
#....######...
#.#
#####.Yoo{{<.#
#.# #.######.#
..# ###


You could see an orc warrior and an orc.

Vanquished Creatures
  Sigmund (D:3)
  2 water moccasins
  A sky beast (D:6)
  2 ogres
  A centaur (D:5)
  2 bullfrogs (D:6)
  2 necrophages
  5 wights (D:7)
  A howler monkey (D:5)
  5 hounds
  3 jellies
  2 gnoll boudas
  2 orc priests (D:5)
  2 iguanas
  4 orc wizards
  6 adders
  10 gnolls
  3 white imps
  2 worms (D:2)
  3 dart slugs
  8 orcs
  5 bats
  9 endoplasms
  A giant cockroach (D:1)
  4 goblins
  7 hobgoblins
  4 jackals (D:4)
  4 quokkas
  7 ball pythons
  6 frilled lizards
  11 kobolds
  A rat (D:1)
126 creatures vanquished.

Vanquished Creatures (others)
  A plant (D:2)
1 creature vanquished.

Grand Total: 127 creatures vanquished

Notes
Turn   | Place    | Note
-------+----------+-------------------------------------------
     0 | D:1      | wormed the Octopode Transmuter began the quest for the Orb.
     0 | D:1      | Reached XP level 1. HP: 13/13 MP: 3/3
    41 | D:1      | Found a faded altar of an unknown god.
   457 | D:1      | Reached XP level 2. HP: 18/18 MP: 3/5
   838 | D:1      | Prayed at the altar of an unknown god.
   838 | D:1      | Became a worshipper of Gozag Ym Sagoz the Greedy
  1034 | D:2      | Reached XP level 3. HP: 23/23 MP: 6/6
  1060 | D:2      | Learned a level 2 spell: Wereblood
  1298 | D:2      | Reached skill level 3 in Transmutations
  1298 | D:2      | Reached XP level 4. HP: 28/28 MP: 4/7
  1429 | D:2      | Reached skill level 1 in Ice Magic
  1969 | D:3      | Noticed Sigmund
  2105 | D:3      | Killed Sigmund
  2106 | D:3      | Reached XP level 5. HP: 31/34 MP: 7/9
  2106 | D:3      | Reached XP level 6. HP: 35/39 MP: 7/10
  2242 | D:3      | Learned a level 4 spell: Ice Form
  2954 | D:4      | Found a staircase to the Ecumenical Temple.
  3056 | D:4      | Reached skill level 4 in Transmutations
  3457 | D:4      | Reached XP level 7. HP: 39/45 MP: 7/11
  3959 | D:5      | Entered Level 5 of the Dungeon
  4540 | D:5      | Reached skill level 5 in Transmutations
  4800 | D:5      | Reached XP level 8. HP: 26/52 MP: 4/13
  6456 | D:6      | Reached skill level 6 in Transmutations
  6488 | D:6      | Reached skill level 5 in Unarmed Combat
  7215 | D:6      | Identified a scroll of acquirement
  7215 | D:6      | Acquired 546 gold pieces
  7232 | D:6      | Identified the +1 cloak of Damp Leaves {Int+2}
  7482 | D:7      | Reached XP level 9. HP: 54/58 MP: 8/15
  7855 | D:7      | HP: 3/70 [orc warrior/+0 dire flail (11)]
  7856 | D:7      | Slain by an orc warrior

Illustrated notes

Levels and vault maps discovered:
D:1:      lightli_arrival_noodles, layout_basic, shapermc_ecumenical_altar_gd,
          minmay_tromino_v2
D:2:      layout_loops_cross, serial_bayou, serial_bayou_ford_a,
          serial_bayou_pond_b, serial_bayou_pond_a, serial_bayou_lake_a,
          serial_bayou_pond_c, minmay_vboxes
D:3:      layout_loops_ring, uniq_sigmund
D:4:      layout_gridville, minmay_temple_entry_statues
D:5:      layout_loops_ring, hangedman_decor_slide_cut
D:6:      layout_basic
D:7:      layout_loops_ring, nicolae_hepliaklqana_hippocampus

Skill      XL: |  1  2  3  4  5  6  7  8  9 |
---------------+----------------------------+-----
Transmutations | 3 4 5 6 |  6.7
Ice Magic      | 1 2 3 4 |  4.0
Fighting       | 2 3 4 |  4.4
Dodging        | 3 4 |  4.7
Spellcasting   | 3 4 |  4.4
Unarmed Combat | 4 5 |  5.3

Action                   |  1- 3 |  4- 6 |  7- 9 || total
-------------------------+-------+-------+-------++-------
Melee: Unarmed           |    58 |    75 |   190 ||   323
       Constrict         |    18 |    18 |     5 ||    41
       Tentacles         |    12 |    18 |     6 ||    36
       Kick              |    14 |    24 |     3 ||    41
       Punch             |       |     5 |     1 ||     6
 Cast: Beastly Appendage |    16 |    17 |     3 ||    36
       Wereblood         |     4 |    19 |    31 ||    54
       Ice Form          |       |       |    28 ||    28
Invok: Call Merchant     |       |       |     2 ||     2
  Use: Scroll            |     2 |     5 |     6 ||    13
       Potion            |       |     1 |     3 ||     4
 Stab: Sleeping          |     6 |     3 |     1 ||    10
Armor: Skin              |     4 |    12 |    44 ||    60
Dodge: Dodged            |    32 |    40 |   102 ||   174

Table legend: (Time is in decaauts)
 A = Elapsed time spent in this place.
 B = Non-inter-level travel time spent in this place.
 C = Inter-level travel time spent in this place.
 D = Time resting spent in this place.
 E = Time spent auto-exploring this place.
 F = Levels seen in this place.
 G = Mean time per level.
                   A        B        C        D        E       F      G
               +--------+--------+--------+--------+--------+-----+--------+
         Total |   7834 |   7529 |    305 |    330 |   6073 |   7 | 1119.1 |
       Dungeon |   7834 |   7529 |    305 |    330 |   6073 |   7 | 1119.1 |
               +--------+--------+--------+--------+--------+-----+--------+

Top non-repeatable levels by time:
     D:5: 1672 daAuts
     D:4: 1589 daAuts
     D:6: 1172 daAuts
     D:2: 1016 daAuts
     D:1: 975 daAuts
     D:3: 878 daAuts
     D:7: 529 daAuts
